 Dungeon Crawl Stone Soup version 0.20.1-1-g8b1a95d (console) character file.

103949 mathias the Stickfighter (level 16, -4/157 HPs)
             Began as a Gargoyle Gladiator on June 15, 2017.
             Was the Champion of Okawaru.
             Killed from afar by a nagaraja (16 damage)
             ... with an orb of energy
             ... on level 2 of the Snake Pit on Aug 22, 2017.
             The game lasted 05:42:31 (28235 turns).

mathias the Stickfighter (Gargoyle Gladiator)      Turns: 28235, Time: 05:42:32

Health: -4/157     AC: 40    Str: 26    XL:     16   Next: 37%
Magic:  19/22      EV: 15    Int: 16    God:    Okawaru [******]
Gold:   2584       SH:  0    Dex: 21    Spells: 17/21 levels left

rFire    + . .     SeeInvis +   l - +7 quarterstaff {crush, +Rage rN+ MR+ Dex+6}
rCold    + + .     Gourm    .   (shield currently unavailable)
rNeg     + + .     Faith    .   N - +7 chain mail "Gacumyi" {rElec rPois rCorr}
rPois    ∞         Spirit   .   g - +2 hat {SInv}
rElec    +         Reflect  .   K - scarf "Opromosch" {Int+4}
rCorr    +         Harm     .   t - +1 pair of gloves {Dex+3}
MR       ++...                  r - +0 pair of boots {Fly}
Stlth    ..........             H - amulet of Kaaruve {rElec rC+ Regen+}
Regen    0.8/turn               u - ring of protection from cold
MPRegen  0.2/turn               O - ring of protection from fire

@: berserking (expiring), heroism, flying, constricted, very quick
A: big wings, negative energy resistance 1, electricity resistance, unbreathing,
petrification resistance, rot immunity, AC +11
a: Stop Flying, Heroism, Finesse, Renounce Religion, Evoke Berserk Rage


You were on level 2 of the Snake Pit.
You worshipped Okawaru.
Okawaru was exalted by your worship.
You were not hungry.

You visited 6 branches of the dungeon, and saw 24 of its levels.
You also visited: Labyrinth, Sewer, Ossuary, Bailey and Ice Cave.

You collected 2717 gold pieces.
You spent 133 gold pieces at shops.

Inventory:

Hand Weapons
 l - the +7 quarterstaff of True Grit (weapon) {crush, +Rage rN+ MR+ Dex+6}
   (You found it on level 9 of the Dungeon)

   It inflicts extra damage upon your enemies.
   It affects your dexterity (+6).
   It protects you from negative energy.
   It affects your resistance to hostile enchantments.
   It lets you go berserk.
 y - a +3 lajatang of slicing
 U - a +3 quarterstaff of protection
Missiles
 b - 7 javelins
 d - 14 throwing nets
 e - 340 stones
 j - 7 steel javelins
 k - 8 poisoned javelins
 w - 5 steel tomahawks
 B - 5 javelins of returning
 D - 4 poisoned tomahawks
 J - 8 tomahawks of returning
 M - 38 tomahawks (quivered)
Armour
 g - a +2 hat of see invisible (worn)
 q - the +2 plate armour of Absence {-Cast rC++ Dex+9 Slay-4}
   (You found it in an ice cave)

   It affects your dexterity (+9).
   It affects your accuracy and damage with ranged weapons and melee attacks
   (-4).
   It greatly protects you from cold.
   It prevents spellcasting.
 r - a +0 pair of boots of flying (worn)
 t - a +1 pair of gloves of dexterity (worn)
 K - the scarf "Opromosch" (worn) {Int+4}
   (Okawaru gifted it to you on level 2 of the Orcish Mines)

   It affects your intelligence (+4).
 N - the +7 chain mail "Gacumyi" (worn) {rElec rPois rCorr}
   (Okawaru gifted it to you on level 6 of the Lair of Beasts)

   It insulates you from electricity.
   It protects you from poison.
   It protects you from acid and corrosion.
Jewellery
 f - an uncursed ring of protection from fire
 u - a ring of protection from cold (left hand)
 v - an uncursed ring of protection from cold
 H - the amulet of Kaaruve (around neck) {rElec rC+ Regen+}
   (You found it in an ossuary)

   [amulet of regeneration]

   It protects you from cold.
   It insulates you from electricity.
   It increases your rate of regeneration.
 O - a ring of protection from fire (right hand)
Wands
 p - a wand of disintegration (12/24)
 E - a wand of lightning (5/15)
 F - a wand of enslavement (12/24)
 P - a wand of acid (10/15)
 Q - a wand of disintegration (10/24)
Scrolls
 a - a scroll of holy word
 c - a scroll of amnesia
 i - 12 scrolls of remove curse
 n - 4 scrolls of identify
 o - 2 scrolls of blinking
 A - a scroll of magic mapping
 G - 4 scrolls of teleportation
 L - a scroll of recharging
 S - a scroll of enchant weapon
 Z - 3 scrolls of fog
Potions
 m - 2 potions of degeneration {unknown}
 s - 3 potions of heal wounds
 z - a potion of lignification
 C - 19 potions of curing
 I - 2 potions of ambrosia
 R - a potion of invisibility
 T - 3 potions of haste
 W - 2 potions of might
Books
 h - a book of Conjurations

   Spells                             Type                      Level
   a - Magic Dart                     Conjuration                  1
   b - Searing Ray                    Conjuration                  2
   c - Dazzling Spray                 Conjuration/Hexes            3
   d - Fulminant Prism                Conjuration/Hexes            4
   e - Force Lance                    Conjuration/Translocation    4
   f - Iskenderun's Mystic Blast      Conjuration                  4
Miscellaneous
 Y - 2 boxes of beasts
Comestibles
 x - 5 meat rations
 V - 4 chunks of flesh


   Skills:
 + Level 13.7(18.7) Fighting
 + Level 15.3(20.3) Staves
 + Level 7.8(12.8) Throwing
 * Level 13.9(18.9) Armour
 * Level 6.4(11.4) Dodging
 + Level 3.0 Spellcasting
 + Level 4.0 Conjurations
 * Level 5.4 Earth Magic
 + Level 8.4 Invocations
 * Level 6.7 Evocations


You had 17 spell levels left.
You knew the following spells:

 Your Spells              Type           Power        Failure   Level  Hunger
a - Stone Arrow           Conj/Erth      ###...       26%         3    ###....
b - Magic Dart            Conj           ###.         11%         1    #......


Dungeon Overview and Level Annotations

Branches:
Dungeon (12/15)            Temple (1/1) D:4            Lair (6/6) D:8
 Shoals (1/4) Lair:4        Snake (2/4) Lair:4        Slime (0/5) Lair:6
    Orc (2/2) D:12            Elf (0/3) Orc:2

Altars:
Ashenzari
Cheibriados
Dithmenos
Elyvilon
Fedhas
Gozag
Hepliaklqana
Kikubaaqudgha
Makhleb
Nemelex Xobeh
Okawaru
Qazlal
Ru
Sif Muna
Trog
Uskayaw
Vehumet
Xom
Yredelemnul
Zin
The Shining One
Beogh

Shops:
D:5 :   D:7 =   D:10 [   D:12 *   Orc:2 %*[=   Snake:1 :   Snake:2 (

Annotations:
D:7 2 runed doors
Lair:1 exclusion: oklob plant
Lair:2 exclusion: oklob plant


Innate Abilities, Weirdness & Mutations

You are resistant to torment.
Your stone body is resilient. (AC +11)
You are immune to poison.
Your large and strong wings let you fly indefinitely.
You resist negative energy. (rN+)
You are resistant to electric shocks. (rElec)
You can survive without breathing.
You are immune to petrification.
You are immune to rotting.


Message History

Saint Roka invokes the aid of Beogh against you.
Beogh smites you!
* * * LOW HITPOINT WARNING * * *
You sock Saint Roka!
You kill Saint Roka!
Okawaru is honoured by your kill.
The nagaraja hits you but does no damage.
The nagaraja constricts you.
You are too berserk!
You completely miss the orc wizard.
The orc wizard casts a spell.
The orc wizard blinks!
Your chain mail "Gacumyi" prevents you from hitting the orc wizard.
The nagaraja barely misses you. The nagaraja constricts you.
You sock the orc wizard!
You kill the orc wizard!
Okawaru accepts your kill. The nagaraja casts a spell at you.
The orb of energy hits you!
You die...

..><.....##.........##..........#
.......).##.........##......##...
.........##.........##......##...
...############.######......##...
...# #####'######......##..> ...#
#.........##......##... ...#
#.........##......##... ...#
+.......).+.......##... ...#
#...).....##......##... ####
######.#####......
#######@####.......
....NoNo§o.........
........o..........
.......(...).......
.......(...........
##.....(....####### #[...%(....#
................ ................
..............o. .............=.o


You could see a naga warrior, a nagaraja, an orc priest, an orc wizard and 2
orcs.

Vanquished Creatures
  Saint Roka (Snake:2)
  Asterion (Snake:1)
  The ghost of dricus the Executioner, an adept HOFi of Trog (Orc:2)
  A frost giant (IceCv)
  Nessos (Lair:4)
  A minotaur (Lab)
  A fire dragon (Lair:6)
  Erolcha (D:11)
  2 hydras (Lair:6)
  2 naga warriors
  Fannar (D:12)
  A centaur warrior (D:10)
  6 death yaks
  Erica (D:9)
  5 anacondas
  6 two-headed ogres
  4 orc high priests (Orc:2)
  A naga sharpshooter (Snake:1)
  Sonja (Orc:2)
  A fire crab (Lair:6)
  2 sea snakes (Lair:4)
  2 unseen horrors (D:11)
  2 naga ritualists
  The ghost of Chiseanne the Destroyer, a novice DsWz of Vehumet (D:8)
  7 orc knights
  A lindwurm (Lair:6)
  11 harpies
  A deep elf mage (D:11)
  An ugly thing (D:11)
  6 mana vipers
  9 orc sorcerers
  A manticore (Shoals:1)
  A shining eye (Lair:6)
  A salamander (Snake:1)
  Maurice (Orc:2)
  An ice statue (IceCv)
  14 spiny frogs
  A naga mage (Snake:2)
  14 black mambas
  A gargoyle (D:10)
  2 torpor snails
  A rime drake (IceCv)
  2 molten gargoyles (Lair:6)
  11 komodo dragons
  3 trolls
  6 merfolk
  14 polar bears
  2 slime creatures
  2 hornets (D:12)
  11 blink frogs
  A snapping turtle (Lair:4)
  14 hippogriffs
  4 dream sheep (Lair:3)
  2 water elementals (Shoals:1)
  51 yaks
  2 wyverns
  The ghost of ArtsTyrian the Slasher, an amateur DrFi (D:4)
  3 steam dragons (Lair:6)
  A hungry ghost (D:7)
  7 basilisks
  4 wargs
  8 nagas
  2 soldier ants (D:9)
  19 water moccasins
  4 hell hounds (Lair:6)
  23 orc warriors
  Purgy (Sewer)
  An ice beast (D:10)
  8 porcupines
  2 sky beasts
  4 ogres
  2 phantoms
  8 centaurs
  4 necrophages
  34 wolves
  16 crocodiles
  18 bullfrogs
  9 gnoll sergeants
  4 scorpions
  8 killer bees
  3 wights (D:12)
  4 electric eels
  A howler monkey (D:6)
  5 crimson imps
  3 centaur zombies
  6 lava snakes
  3 bullfrog zombies
  8 hounds
  13 orc priests
  8 jellies
  7 gnoll shamans
  25 orc wizards
  Crazy Yiuf (D:7)
  Jessica (D:2)
  A bullfrog skeleton (D:7)
  Terence (D:2)
  An iguana (D:7)
  9 worker ants
  A hound zombie (Ossuary)
  18 mummies (Ossuary)
  A worker ant zombie (Ossuary)
  26 gnolls
  A howler monkey skeleton (D:7)
  13 adders
  A shadow imp (D:6)
  2 worms
  2 dart slugs
  3 leopard geckos
  82 orcs
  13 bats
  4 giant cockroaches
  8 goblins
  2 hobgoblins (D:1)
  8 jackals
  10 kobolds
  12 quokkas
  2 ball pythons (Lair:4)
  5 frilled lizards
  A leopard gecko skeleton (D:7)
  A leopard gecko zombie (Ossuary)
  A quokka zombie (Ossuary)
  9 rats
762 creatures vanquished.

Vanquished Creatures (others)
  An orc priest (Orc:2)
  A dart slug (D:1)
  4 jackals (D:4)
  9 fungi
  A plant (Lair:4)
  3 withered plants (Ossuary)
19 creatures vanquished.

Grand Total: 781 creatures vanquished

Notes
Turn   | Place    | Note
-------+----------+-------------------------------------------
     0 | D:1      | mathias the Gargoyle Gladiator began the quest for the Orb.
     0 | D:1      | Reached XP level 1. HP: 12/12 MP: 1/1
   274 | D:1      | Reached XP level 2. HP: 17/18 MP: 2/2
   909 | D:2      | Found an opulent altar of Gozag.
   992 | D:2      | Reached XP level 3. HP: 20/22 MP: 3/3
  1091 | D:2      | Reached skill level 1 in Armour
  1097 | D:2      | Reached skill level 4 in Staves
  1097 | D:2      | Reached XP level 4. HP: 17/27 MP: 4/4
  1259 | D:2      | Noticed Terence
  1268 | D:2      | Killed Terence
  1406 | D:2      | Noticed Jessica
  1432 | D:2      | Killed Jessica
  1432 | D:2      | Reached XP level 5. HP: 28/32 MP: 5/5
  1536 | D:2      | Found a snail-covered altar of Cheibriados.
  1661 | D:2      | Found a sacrificial altar of Ru.
  2211 | D:3      | Found an ancient bone altar of Kikubaaqudgha.
  2609 | D:3      | Reached skill level 5 in Staves
  3090 | D:4      | Found a sand-covered staircase.
  3129 | Ossuary  | Entered an ossuary
  3141 | Ossuary  | Reached XP level 6. HP: 32/37 MP: 6/6
  3545 | Ossuary  | Reached XP level 7. HP: 38/42 MP: 7/7
  3551 | Ossuary  | Reached skill level 6 in Staves
  3913 | Ossuary  | Got a smoking jade amulet
  3927 | Ossuary  | Identified the amulet of Kaaruve {rElec rC+ Regen+} (You found it in an ossuary)
  4423 | D:4      | Found a staircase to the Ecumenical Temple.
  4433 | Temple   | Entered the Ecumenical Temple
  4476 | Temple   | Became a worshipper of Warmaster Okawaru
  4864 | D:4      | Noticed ArtsTyrian's ghost (amateur DrFi)
  4875 | D:4      | Killed ArtsTyrian's ghost
  5193 | D:5      | Entered Level 5 of the Dungeon
  5201 | D:5      | Reached XP level 8. HP: 48/48 MP: 8/8
  5567 | D:5      | Found Haruo's Book Shoppe.
  5883 | D:6      | Reached skill level 1 in Invocations
  5889 | D:6      | Reached * piety under Okawaru
  5935 | D:6      | Reached skill level 7 in Staves
  5936 | D:6      | Found a glowing drain.
  5947 | Sewer    | Entered a sewer
  6010 | Sewer    | Noticed Purgy
  6032 | Sewer    | Killed Purgy
  6032 | Sewer    | Reached skill level 5 in Fighting
  6982 | D:7      | Reached ** piety under Okawaru
  6982 | D:7      | Reached XP level 9. HP: 49/54 MP: 10/10
  6998 | D:7      | Reached skill level 8 in Staves
  7047 | D:7      | Reached skill level 5 in Armour
  7058 | D:7      | Found a large runed door.
  7058 | D:7      | Found a large runed door.
  7086 | D:7      | Found a large runed door.
  7086 | D:7      | Found a large runed door.
  7413 | D:7      | Found a runed door.
  7443 | D:7      | Found Welerret's Jewellery Shoppe.
  7553 | D:7      | Reached skill level 9 in Staves
  7712 | D:7      | Noticed a two-headed ogre
  7820 | D:7      | Killed a two-headed ogre
  7820 | D:7      | Reached *** piety under Okawaru
  7820 | D:7      | Reached skill level 10 in Staves
  7820 | D:7      | Reached XP level 10. HP: 28/60 MP: 8/11
  7946 | D:7      | Noticed Crazy Yiuf
  7950 | D:7      | Killed Crazy Yiuf
  7993 | D:8      | Noticed a two-headed ogre
  8026 | D:8      | Found a staircase to the Lair.
  8093 | D:8      | Killed a two-headed ogre
  8157 | D:8      | Reached **** piety under Okawaru
  8165 | Lair:1   | Entered Level 1 of the Lair of Beasts
  8168 | Lair:1   | Noticed a spiny frog
  8438 | D:8      | Noticed Chiseanne's ghost (novice DsWz)
  8462 | D:8      | Killed Chiseanne's ghost
  8642 | D:8      | Reached skill level 11 in Staves
  8831 | D:8      | Reached ***** piety under Okawaru
  9376 | D:8      | Received a gift from Okawaru
  9376 | D:8      | Reached XP level 11. HP: 7/67 MP: 12/12
  9376 | D:8      | HP: 2/100 [spiny frog (5)]
 10441 | Lair:1   | Found a blossoming altar of Fedhas.
 10462 | Lair:1   | Noticed an oklob plant
 10688 | Lair:2   | Received a gift from Okawaru
 11220 | Lair:2   | Noticed an oklob plant
 11328 | Lair:2   | Received a gift from Okawaru
 11328 | Lair:2   | Reached skill level 5 in Throwing
 11782 | Lair:3   | Reached skill level 5 in Dodging
 11787 | Lair:3   | Received a gift from Okawaru
 11853 | Lair:3   | Reached skill level 12 in Staves
 12074 | Lair:3   | Got a jewelled chain mail
 12336 | Lair:3   | Identified the +5 chain mail of the Fife {rPois Int+4} (You found it on level 3 of the Lair of Beasts)
 12381 | Lair:4   | Reached XP level 12. HP: 75/75 MP: 15/15
 12592 | Lair:4   | Learned a level 3 spell: Stone Arrow
 12598 | Lair:4   | Found a staircase to the Snake Pit.
 12637 | Lair:4   | Reached skill level 10 in Armour
 12760 | Lair:4   | Noticed Nessos
 12777 | Lair:4   | Received a gift from Okawaru
 12786 | Lair:4   | Killed Nessos
 12786 | Lair:4   | Received a gift from Okawaru
 12873 | Lair:4   | Reached ****** piety under Okawaru
 12890 | Lair:4   | Found a staircase to the Shoals.
 13215 | Lair:4   | Received a gift from Okawaru
 13535 | Lair:5   | You fall through a shaft!
 13535 | Lair:6   | Entered Level 6 of the Lair of Beasts
 13582 | Lair:6   | Reached skill level 5 in Invocations
 13633 | Lair:6   | Received a gift from Okawaru
 13638 | Lair:6   | Got a smoking chain mail {god gift}
 13649 | Lair:6   | Identified the +7 chain mail "Gacumyi" {rElec rPois rCorr} (Okawaru gifted it to you on level 6 of the Lair of Beasts)
 13764 | Lair:6   | Reached skill level 13 in Staves
 13783 | Lair:6   | Reached skill level 10 in Fighting
 13886 | Lair:6   | Reached XP level 13. HP: 83/83 MP: 16/16
 14601 | Lair:6   | Found a staircase to the Slime Pits.
 14911 | Lair:6   | Found a large runed door.
 14971 | Lair:6   | Received a gift from Okawaru
 15257 | Lair:6   | Reached skill level 14 in Staves
 15257 | Lair:6   | Reached skill level 1 in Evocations
 15879 | Lair:6   | Reached skill level 1 in Spellcasting
 15954 | Lair:6   | Found a large runed door.
 16311 | Lair:6   | Noticed a fire dragon
 16434 | Lair:6   | Killed a fire dragon
 16830 | Lair:2   | Learned a level 1 spell: Magic Dart
 17135 | D:9      | Got a twisted quarterstaff
 17136 | D:9      | Identified the +7 quarterstaff of True Grit {crush, +Rage rN+ MR+ Dex+6} (You found it on level 9 of the Dungeon)
 17336 | D:9      | Noticed Erica
 17345 | D:9      | Killed Erica
 17345 | D:9      | Gained mutation: Your large and strong wings let you fly indefinitely. [Gargoyle growth]
 17345 | D:9      | Reached XP level 14. HP: 90/90 MP: 17/19
 17965 | D:10     | Entered Level 10 of the Dungeon
 18080 | D:10     | Found a deep blue altar of Sif Muna.
 18090 | D:10     | Received a gift from Okawaru
 18097 | D:10     | Found a flagged portal.
 18111 | Bailey   | Entered a bailey
 18677 | D:10     | Found a sparkling altar of Nemelex Xobeh.
 18860 | D:10     | Found Dogei's Armour Boutique.
 18863 | D:10     | Bought a +0 pair of boots for 63 gold pieces
 18905 | D:10     | Found a glowing golden altar of the Shining One.
 19589 | D:11     | Found a labyrinth entrance.
 19592 | Lab      | Entered a labyrinth
 20540 | Lab      | Got a shimmering quarterstaff
 20583 | Lab      | Identified the +7 quarterstaff of Kytex {venom, rElec rF- MR+} (You found it in a labyrinth)
 20897 | D:11     | Noticed Erolcha
 20927 | D:11     | Killed Erolcha
 20927 | D:11     | Received a gift from Okawaru
 21348 | D:12     | Received a gift from Okawaru
 21433 | D:12     | Found Erghon's Assorted Antiques.
 21492 | D:12     | Bought a scroll of identify for 70 gold pieces
 21541 | D:12     | Received a gift from Okawaru
 21542 | D:12     | Got a brightly glowing shortbow {god gift}
 21559 | D:12     | Noticed Fannar
 21575 | D:12     | Killed Fannar
 21691 | D:12     | Found a roughly hewn altar of Beogh.
 21691 | D:12     | Found a staircase to the Orcish Mines.
 22236 | Orc:1    | Entered Level 1 of the Orcish Mines
 22260 | Orc:1    | Found a frozen archway.
 22284 | IceCv    | Entered an ice cave
 22334 | IceCv    | Reached skill level 1 in Earth Magic
 22738 | IceCv    | Received a gift from Okawaru
 22797 | IceCv    | Noticed a frost giant
 22819 | IceCv    | Killed a frost giant
 22819 | IceCv    | Reached XP level 15. HP: 65/97 MP: 13/20
 22937 | IceCv    | Got a twisted plate armour
 22955 | IceCv    | Identified the +2 plate armour of Absence {-Cast rC++ Dex+9 Slay-4} (You found it in an ice cave)
 23194 | Orc:1    | Received a gift from Okawaru
 23431 | Orc:2    | Entered Level 2 of the Orcish Mines
 23431 | Orc:2    | Noticed Maurice
 23433 | Orc:2    | Reached skill level 1 in Conjurations
 23435 | Orc:2    | Noticed Sonja
 23565 | Orc:2    | Noticed dricus's ghost (adept HOFi)
 23612 | Orc:2    | Killed dricus's ghost
 23781 | Orc:2    | Killed Maurice
 23857 | Orc:2    | Killed Sonja
 23949 | Orc:2    | Found a staircase to the Elven Halls.
 24266 | Orc:2    | Upgraded the game from 0.20.0-15-g7f486f2 to 0.20.1-1-g8b1a95d
 24325 | Orc:2    | Reached skill level 5 in Evocations
 24525 | Orc:2    | Reached skill level 15 in Staves
 24555 | Orc:2    | Found Zyevou's Jewellery Emporium.
 24555 | Orc:2    | Found Gifoch's Food Boutique.
 24557 | Orc:2    | Found Pathool's Armour Emporium.
 24557 | Orc:2    | Found Vaoplywk's General Store.
 24741 | Orc:2    | Found a runed door.
 24900 | Orc:2    | Received a gift from Okawaru
 24901 | Orc:2    | Got a spiked scarf {god gift}
 24960 | Orc:2    | Identified the scarf "Opromosch" {Int+4} (Okawaru gifted it to you on level 2 of the Orcish Mines)
 24974 | Orc:2    | Found a roughly hewn altar of Beogh.
 25572 | Shoals:1 | Entered Level 1 of the Shoals
 26602 | Snake:1  | Entered Level 1 of the Snake Pit
 27008 | Snake:1  | Noticed Asterion
 27038 | Snake:1  | Killed Asterion
 27088 | Snake:1  | Found Nutipokk's Book Shoppe.
 27253 | Snake:1  | Reached XP level 16. HP: 94/104 MP: 15/22
 27924 | Snake:2  | Found Ryenaorog's Weapon Boutique.
 28009 | Snake:2  | Reached skill level 5 in Earth Magic
 28148 | Snake:2  | Received a gift from Okawaru
 28163 | Snake:2  | Noticed a nagaraja
 28188 | Snake:2  | Noticed Saint Roka
 28232 | Snake:2  | Killed Saint Roka
 28235 | Snake:2  | Killed from afar by a nagaraja

Skill      XL: |  1  2  3  4  5  6  7  8  9 10 11 12 13 14 15 16 |
---------------+-------------------------------------------------+-----
Armour         | 1 2 3 4 6 8 9 10 11 12 13 | 13.9
Staves         | 4 5 6 7 10 11 12 13 14 15 | 15.3
Fighting       | 3 4 5 6 7 8 10 11 12 13 | 13.7
Throwing       | 2 3 4 5 6 7 |  7.8
Invocations    | 2 4 5 7 8 |  8.4
Dodging        | 3 4 5 6 |  6.4
Evocations     | 2 4 6 |  6.7
Spellcasting   | 1 3 |  3.0
Earth Magic    | 3 4 5 |  5.4
Conjurations   | 4 |  4.0

Action                   |  1- 3 |  4- 6 |  7- 9 | 10-12 | 13-15 | 16-18 || total
-------------------------+-------+-------+-------+-------+-------+-------++-------
Melee: Quarterstaff      |    95 |   178 |   401 |   360 |  1357 |   199 ||  2590
       Lajatang          |       |       |       |   421 |   372 |       ||   793
Throw: Stone             |       |    35 |   127 |   254 |    78 |       ||   494
       Javelin           |       |       |       |     6 |     7 |       ||    13
       Tomahawk          |       |       |       |       |   106 |     5 ||   111
Invok: Heroism           |       |       |     6 |     6 |    20 |     1 ||    33
       Finesse           |       |       |       |       |     8 |     1 ||     9
 Abil: Fly               |       |       |       |       |     1 |       ||     1
       Evoke Berserk Rag |       |       |       |       |       |     1 ||     1
Evoke: Wand              |       |       |     3 |     5 |       |     4 ||    12
  Use: Scroll            |       |     2 |    15 |    10 |    20 |       ||    47
       Potion            |       |       |     3 |     4 |     3 |       ||    10
 Stab: Sleeping          |       |     1 |     3 |     1 |       |       ||     5
       Distracted        |       |     1 |     1 |     1 |     1 |       ||     4
  Eat: Chunk             |     1 |     7 |    10 |    18 |    29 |       ||    65
       Meat ration       |       |       |     2 |       |     1 |       ||     3
       Bread ration      |       |       |     2 |       |     2 |     1 ||     5
       Fruit             |       |       |       |     3 |       |       ||     3
Armor: Leather armour    |    37 |     3 |       |       |       |       ||    40
       Ring mail         |       |    25 |    90 |   214 |       |       ||   329
       Chain mail        |       |    38 |   109 |   228 |   963 |    99 ||  1437
Dodge: Dodged            |    65 |    65 |   176 |   363 |   838 |    74 ||  1581
